 Dungeon Crawl Stone Soup version 0.28.0-49-g6dfe1f597d (webtiles) character file.

Game seed: 10495688201575561327

12516 mortz the Eclecticist (level 11, 0/54 HPs)
             Began as a Deep Elf Air Elementalist on May 12, 2022.
             Was a Priest of Vehumet.
             Slain by a yak (1 damage)
             ... on level 1 of the Lair of Beasts on May 13, 2022.
             The game lasted 01:27:19 (16101 turns).

mortz the Eclecticist (Deep Elf Air Elementalist)  Turns: 16101, Time: 01:27:19

Health: 0/54       AC: 10    Str:  5    XL:     11   Next: 63%
Magic:  23/32      EV: 13    Int: 25    God:    Vehumet [***...]
Gold:   387        SH:  0    Dex: 15    Spells: 31/41 levels left

rFire   + . .      SeeInvis .   P - +5 short sword (freeze) {short}
rCold   . . .      Faith    .   (no shield)
rNeg    . . .      Spirit   .   O - +0 steam dragon scales
rPois   .          Reflect  .   x - +1 hat
rElec   .          Harm     .   (no cloak)
rCorr   .          Rampage  .   (no gloves)
Will    +....                   (no boots)
Stlth   +++.......              e - amulet of the acrobat
HPRegen 0.18/turn               f - +4 ring of protection
MPRegen 0.23/turn               I - ring of protection from fire

@: lethally poisoned (0 -> -20), swift, quick
A: no striking features
a: Renounce Religion


You were on level 1 of the Lair of Beasts.
You worshipped Vehumet.
Vehumet was most pleased with you.
You visited 3 branches of the dungeon, and saw 12 of its levels.
You also visited: Sewer.

You collected 499 gold pieces.
You spent 112 gold pieces at shops.


   Skills:
 + Level 0.2 Fighting
 + Level 2.9 Armour
 + Level 3.8 Dodging
 + Level 3.8 Stealth
 + Level 15.9 Spellcasting
 + Level 7.3 Conjurations
 + Level 11.8 Air Magic
 + Level 1.3 Evocations


You had 31 spell levels left.
You knew the following spells:

 Your Spells              Type           Power      Damage    Failure   Level
a - Shock                 Conj/Air       100%       1d9       1%          1
b - Static Discharge      Conj/Air       61%        N/A       1%          2
c - Airstrike             Air            34%        N/A       1%          4
d - Swiftness             Air            68%        N/A       1%          3

Your spell library contained the following spells:

 Spells                   Type           Power      Damage    Failure   Level
 Stone Arrow              Conj/Erth      76%        3d11      1%          3
 Pain                     Necr           76%        1d7       2%          1
 Slow                     Hex            76%        N/A       2%          1
 Confusing Touch          Hex            19%        N/A       9%          3
 Vampiric Draining        Necr           19%        2d7       9%          3
 Agony                    Necr           19%        N/A       58%         5
 Excruciating Wounds      Necr           9%         N/A       58%         5

Inventory:

Hand Weapons
 a - a +5 scimitar of venom {long}
   (You took it off a wight on level 9 of the Dungeon)
 y - a +1 mace of protection {mace}
   (You took it off an orc on level 10 of the Dungeon)
 C - a +5 hand axe {axe}
   (You took it off a wight on level 9 of the Dungeon)
 N - a +0 halberd of flaming {polearm}
   (You took it off Maggie on level 7 of the Dungeon)
 P - a +5 short sword of freezing (weapon) {short}
   (You took it off a wight on level 8 of the Dungeon)
Missiles
 w - 4 javelins {throwing}
 A - 19 poisoned darts {throwing}
 D - 9 boomerangs {throwing}
Armour
 h - a +3 ring mail of poison resistance
   (You took it off Ijyb on level 4 of the Dungeon)
 s - the +2 ring mail "Isefut" {Dex+7}
   (You found it on level 3 of the Dungeon)

   Dex:       It affects your dexterity (+7).
 x - a +1 hat (worn)
   (You took it off Gastronok on level 10 of the Dungeon)
 J - a +0 helmet
   (You found it on level 6 of the Dungeon)
 O - +0 steam dragon scales (worn)
   (You took it off Maggie on level 7 of the Dungeon)
Jewellery
 e - an amulet of the acrobat (around neck)
   (You found it on level 1 of the Dungeon)
 f - a +4 ring of protection (left hand)
   (You found it on level 6 of the Dungeon)
 I - a ring of protection from fire (right hand)
   (You found it on level 6 of the Dungeon)
Scrolls
 c - 2 scrolls of immolation {!r!r}
 d - a scroll of acquirement {unknown}
 i - a scroll of fear {unknown}
 l - 2 scrolls of teleportation {@r4}
 n - 4 scrolls of magic mapping {!r}
 q - a scroll of brand weapon
 v - a scroll of amnesia {unknown}
 z - 2 scrolls of enchant weapon {unknown}
 B - 2 scrolls of vulnerability {!r!r}
 H - a scroll of fog {unknown}
 L - a scroll of torment {unknown}
 Q - a scroll of silence {unknown}
Potions
 b - 4 potions of curing {@q1}
 g - 6 potions of lignification {!q}
 j - 3 potions of might
 k - a potion of invisibility {unknown}
 m - a potion of degeneration {unknown}
 o - a potion of magic
 p - 2 potions of cancellation
 r - 3 potions of mutation {!q}
 t - 5 potions of berserk rage {!q}
 u - 2 potions of heal wounds {@q2}
 E - 2 potions of haste {@q3}
 F - a potion of flight {unknown}
 G - a potion of brilliance {unknown}
 K - a potion of resistance {unknown}
 M - 2 potions of attraction {!q}

Dungeon Overview and Level Annotations

Branches:
Dungeon (10/15)            Temple (1/1) D:4            Lair (1/6) D:8
    Orc (0/2) D:10          Sewer (visited)

Altars:
Ashenzari
Cheibriados
Dithmenos
Elyvilon
Fedhas
Gozag
Hepliaklqana
Kikubaaqudgha
Makhleb
Nemelex Xobeh
Okawaru
Qazlal
Ru
Sif Muna
Trog
Uskayaw
Vehumet
Wu Jian
Xom
Yredelemnul
Zin
The Shining One

Shops:
D:3 (   D:4 (   D:9 *

Annotations:
D:2 1 runed translucent door, Crazy Yiuf

#....##......# ......#
#............# #.....#
#.....##.##.## #.....#
##.....##.##.#.
.##.....#######P.............
.............................
.......................†.....
.............F...............
............@Y...............
.............................
......F.#.#+####.....######..
###.....### #......###..###
###...# #......#.....##
#....# ##...........##
..#...# ##............##
......+ .........##......
.##.......#....#.


You could see a yak and 2 cane toads.


Message History

You climb upwards.
Welcome back to the Dungeon!
There is a staircase to the Lair here.
You start resting. 😎 MP[+21]
Your mp is fully restored (32).
You climb downwards.
Welcome back to the Lair of Beasts!
The yak gores you! The yak gores you but does no damage.
There is a staircase back to the Dungeon, spattered with blood here. 😕 HP[-12]
You take 12 damage, and now have 42/54 hp.
MASSIVE DAMAGE!! (PAUSE)
The cane toad gives a loud, deep croak!
The yak closely misses you.
You climb upwards.
Welcome back to the Dungeon!
There is a staircase to the Lair here.
Casting: Airstrike (safe; 1% risk of failure)
Confirm with . or Enter, or press ? or * to list all spells.
Aiming: Airstrike (safe; 1% risk of failure)
Press: ? - help, Dir - move target, f - yak
Aim: a yak (empty space bonus: 7/8)
The air twists around and strikes the yak!
The yak closely misses you. 😕 MP[-4]
You lost 4 mp, and now have 28/32 mp.
Casting: Airstrike (safe; 1% risk of failure)
Confirm with . or Enter, or press ? or * to list all spells.
Aiming: Airstrike (safe; 1% risk of failure)
Press: ? - help, Dir - move target, f/p - yak
Aim: a yak (heavily wounded, empty space bonus: 7/8)
The air twists around and strikes the yak!
The yak closely misses you. 😕 MP[-4]
You lost 4 mp, and now have 24/32 mp.
Casting: Airstrike (safe; 1% risk of failure)
Confirm with . or Enter, or press ? or * to list all spells.
Aiming: Airstrike (safe; 1% risk of failure)
Press: ? - help, Dir - move target, f/p - yak
Aim: a yak (severely wounded, empty space bonus: 7/8)
The air twists around and strikes the yak!
You kill the yak!
Vehumet accepts your kill.
You feel your power returning. 😕 HP[+1] MP[-1]
You lost 1 mp, and now have 23/32 mp.
You start resting. 😕 HP[+6] MP[+9]
You regained 6 hp, and now have 49/54 hp.
Your mp is fully restored (32).
You start resting. 😎 HP[+5]
Your hp is fully restored (54).
You climb downwards.
Welcome back to the Lair of Beasts!
The yak gores you! The yak gores you.
There is a staircase back to the Dungeon, spattered with blood here. 😕 HP[-13]
You take 13 damage, and now have 41/54 hp.
MASSIVE DAMAGE!! (PAUSE)
Casting: Airstrike (safe; 1% risk of failure)
Confirm with . or Enter, or press ? or * to list all spells.
The yak is struck by an arc of lightning!
The cane toad is struck by an arc of lightning.
The yak is struck by an arc of lightning.
The cane toad is struck by an arc of lightning.
The lightning grounds out.
The cane toad is struck by an arc of lightning.
You are struck by an arc of lightning.
The yak is struck by an arc of lightning.
The cane toad is struck by an arc of lightning.
The lightning grounds out.
The cane toad stings you!
* * * LOW HITPOINT WARNING * * *
The yak gores you.
* * * LOW HITPOINT WARNING * * *
😨 HP[-16] MP[-2]
You take 16 damage, and now have 25/54 hp.
MASSIVE DAMAGE!! (PAUSE)
You lost 2 mp, and now have 30/32 mp.
Casting: Static Discharge (safe; 1% risk of failure)
Confirm with . or Enter, or press ? or * to list all spells.
Aiming: Airstrike (safe; 1% risk of failure)
Press: ? - help, Dir - move target, f - cane toad
Aim: a cane toad (heavily wounded, empty space bonus: 6/8)
The air twists around and strikes the cane toad!
The cane toad stings you.
* * * LOW HITPOINT WARNING * * *
You are lethally poisoned!
The cane toad poisons you! The yak completely misses you.
The cane toad stings you!
* * * LOW HITPOINT WARNING * * *
😱 HP[-19] MP[-4]
You take 19 damage, and now have 6/54 hp.
MASSIVE DAMAGE!! (PAUSE)
You lost 4 mp, and now have 26/32 mp.
Casting: Airstrike (safe; 1% risk of failure)
Confirm with . or Enter, or press ? or * to list all spells.
You feel quick.
* * * LOW HITPOINT WARNING * * *
You feel very sick.
A cane toad comes into view.
The cane toad barely misses you. The yak gores you.
You die...

Skill      XL: |  1  2  3  4  5  6  7  8  9 10 11 |
---------------+----------------------------------+-----
Air Magic      | 4 5 6 7 9 10 11 | 11.8
Conjurations   | 2 3 4 5 6 7 |  7.3
Spellcasting   | 4 5 6 8 9 12 14 15 | 15.9
Armour         | 1 2 |  2.9
Stealth        | 3 |  3.8
Dodging        | 3 |  3.8
Evocations     | 1 |  1.3
Fighting       | |  0.2

Action                   |  1- 3 |  4- 6 |  7- 9 | 10-12 || total
-------------------------+-------+-------+-------+-------++-------
Melee: Hand axe          |       |       |     2 |       ||     2
 Cast: Shock             |    80 |   123 |   135 |    69 ||   407
       Static Discharge  |     6 |    21 |    45 |    68 ||   140
       Airstrike         |       |       |    41 |   116 ||   157
       Swiftness         |       |       |       |     3 ||     3
Evoke: Wand              |       |       |       |     9 ||     9
  Use: Scroll            |       |       |    11 |     5 ||    16
       Potion            |       |       |       |     1 ||     1
Armor: Leather armour    |       |     1 |    11 |       ||    12
       Steam dragon scal |       |       |     1 |    21 ||    22
Dodge: Dodged            |     3 |    12 |    47 |    55 ||   117

Levels and vault maps discovered:
D:1:      lightli_arrival_quake, layout_loops_ring,
          dilly_ecumenical_altar_fadedgnrine
D:2:      layout_rooms, uniq_crazy_yiuf_cottage
D:3:      layout_rooms, pdpol_wu_jian_five_deadly_venoms, portal_sewer_entry_d,
          serial_shops, nicolae_shop_bloodbath_and_beyond, chequers_jeans
D:4:      layout_loops_ring, temple_statues, serial_shops,
          nicolae_take_the_stairs, minmay_close_crescents, uniq_ijyb
D:5:      layout_loops_cross, elyvilon_altar_1, trog_three_pillars_becter,
          chequers_garden, uniq_duvessa, uniq_blork_the_orc
D:6:      layout_loops_ring, mainiacjoe_overflow_concentric_impassable,
          gammafunk_temple_overflow_forgotten, kennysheep_generic_room_14
D:7:      layout_cave_pools, mainiacjoe_overflow_small_starburst,
          serial_column_ruins, column_ruins_square_small,
          column_ruins_columns_corner, column_ruins_grid_1,
          column_ruins_open_large, column_ruins_grid_2,
          column_ruins_columns_straight, column_ruins_grid_3, hex_large,
          minmay_microvault, uniq_maggie
D:8:      layout_rooms, minmay_lair_entry_grove, serial_co_window_serial,
          co_window_paths_a, co_window_of_opportunity_a, co_window_corner_a,
          co_window_of_opportunity_a, co_window_paths_b, co_window_corner_a,
          co_window_paths_b, co_window_corner_a, co_window_paths_a,
          co_window_2corner, co_window_of_opportunity_c,
          co_window_unsneaky_path_c, glass_columns_a, glass_columns_a
D:9:      layout_irregular_city, serial_shops, shop
D:10:     layout_loops_ring, orc_0_dummy, nrook_campfire, uniq_grum,
          uniq_gastronok
Temple:   nicolae_temple_great_sept
Lair:1:   layout_regular_city

Notes
Turn   | Place    | Note
-------+----------+-------------------------------------------
     0 | D:1      | mortz the Deep Elf Air Elementalist began the quest for the
                  | Orb.
     0 | D:1      | Reached XP level 1. HP: 10/10 MP: 6/6
     0 | D:1      | magus.rc [v1.9.6]
   107 | D:1      | Reached XP level 2. HP: 15/15 MP: 0/8
   196 | D:1      | Learned a level 2 spell: Static Discharge
   684 | D:1      | Reached XP level 3. HP: 19/19 MP: 7/10
   684 | D:1      | magus.rc [v1.9.6]
   981 | D:1      | Found a faded altar of an unknown god.
  1483 | D:2      | Reached skill level 4 in Air Magic
  1831 | D:2      | Reached XP level 4. HP: 23/24 MP: 5/11
  2003 | D:2      | You pick up a book of Debilitation and begin reading...
  2003 | D:2      | You add the spells Slow, Vampiric Draining and Confusing
                  | Touch to your library.
  2132 | D:2      | Reached skill level 2 in Conjurations
  2156 | D:2      | Found a runed translucent door.
  2157 | D:2      | Noticed Crazy Yiuf
  2619 | D:3      | Found a glowing drain.
  2623 | D:3      | Reached skill level 4 in Spellcasting
  2667 | Sewer    | Entered a sewer
  3092 | Sewer    | Found a viscous altar of Jiyva.
  3106 | Sewer    | Reached XP level 5. HP: 28/28 MP: 8/13
  3311 | Sewer    | Reached skill level 5 in Spellcasting
  3536 | D:3      | Identified the +2 ring mail "Isefut" {Dex+7}
  3637 | D:3      | Found Avveapp's Weapon Boutique.
  3771 | D:3      | Found an ornate altar of the Wu Jian Council.
  3924 | D:4      | Reached XP level 6. HP: 32/32 MP: 9/16
  4169 | D:4      | Reached skill level 6 in Spellcasting
  4246 | D:4      | Reached skill level 3 in Conjurations
  4246 | D:4      | Reached skill level 5 in Air Magic
  4453 | D:4      | Noticed Ijyb
  4462 | D:4      | Killed Ijyb
  4506 | D:4      | Reached skill level 1 in Armour
  4506 | D:4      | Reached XP level 7. HP: 19/36 MP: 4/19
  4694 | D:4      | You pick up a book of Pain and begin reading...
  4694 | D:4      | You add the spells Pain, Agony and Excruciating Wounds to
                  | your library.
  4804 | D:4      | Found Ujoesukk's Weapon Emporium.
  4950 | D:4      | Found a staircase to the Ecumenical Temple.
  4956 | Temple   | Entered the Ecumenical Temple
  4995 | Temple   | Became a worshipper of Vehumet
  5131 | D:5      | Entered Level 5 of the Dungeon
  5142 | D:5      | Reached skill level 7 in Spellcasting
  5301 | D:5      | Reached skill level 4 in Conjurations
  5432 | D:5      | Found a bloodstained altar of Trog.
  5511 | D:5      | Noticed Duvessa
  5518 | D:5      | Killed Duvessa
  5519 | D:5      | Reached skill level 8 in Spellcasting
  5519 | D:5      | Reached skill level 6 in Air Magic
  5546 | D:5      | Noticed Dowan
  5558 | D:5      | HP: 9/36 [poisoned by Dowan]
  5801 | D:5      | Killed Dowan
  5802 | D:5      | Reached skill level 3 in Stealth
  5802 | D:5      | Reached XP level 8. HP: 40/41 MP: 17/22
  5877 | D:5      | Found a white marble altar of Elyvilon.
  5884 | D:5      | Reached skill level 3 in Dodging
  6114 | D:5      | Noticed Blork the orc
  6128 | D:5      | Killed Blork the orc
  6674 | D:5      | magus.rc [v1.9.6]
  6914 | D:6      | Reached skill level 2 in Armour
  6914 | D:6      | Reached skill level 5 in Conjurations
  7181 | D:6      | Reached skill level 9 in Spellcasting
  7305 | D:6      | magus.rc [v1.9.6]
  7369 | D:6      | Found a glowing golden altar of the Shining One.
  7409 | D:6      | Found an ancient bone altar of Kikubaaqudgha.
  7411 | D:6      | Found a shimmering blue altar of Sif Muna.
  7412 | D:6      | Found a burning altar of Makhleb.
  7548 | D:6      | Reached skill level 7 in Air Magic
  7921 | D:7      | Reached XP level 9. HP: 44/45 MP: 18/24
  7928 | D:6      | Learned a level 4 spell: Airstrike
  8050 | D:7      | Reached skill level 10 in Spellcasting
  8050 | D:7      | Reached skill level 6 in Conjurations
  8099 | D:7      | Reached * piety under Vehumet
  8099 | D:7      | Offered knowledge of Freeze by Vehumet.
  8245 | D:7      | Found a snail-covered altar of Cheibriados.
  8604 | D:7      | Reached skill level 11 in Spellcasting
  9029 | D:7      | Noticed Maggie
  9049 | D:7      | Noticed a troll
  9089 | D:7      | Killed a troll
  9484 | D:7      | Killed Maggie
  9485 | D:7      | Reached skill level 8 in Air Magic
  9711 | D:8      | Reached skill level 12 in Spellcasting
  9979 | D:8      | Reached skill level 9 in Air Magic
  9979 | D:8      | Reached XP level 10. HP: 50/50 MP: 15/28
 10290 | D:8      | Reached skill level 13 in Spellcasting
 10290 | D:8      | Reached skill level 10 in Air Magic
 10641 | D:8      | Offered knowledge of Sandblast by Vehumet.
 10717 | D:8      | Learned a level 3 spell: Swiftness
 10735 | D:8      | Reached ** piety under Vehumet
 11059 | D:8      | Found a staircase to the Lair.
 11268 | D:8      | magus.rc [v1.9.6]
 11647 | D:9      | Found Maaceror's Assorted Antiques.
 11655 | D:9      | Bought a scroll of identify for 56 gold pieces
 11655 | D:9      | Bought a scroll of identify for 56 gold pieces
 12171 | D:9      | Reached skill level 14 in Spellcasting
 12445 | D:10     | Entered Level 10 of the Dungeon
 12556 | D:10     | HP: 10/50 [/static electricity (4)]
 12852 | D:10     | Noticed Gastronok
 12947 | D:9      | magus.rc [v1.9.6]
 12956 | D:9      | Reached XP level 11. HP: 28/54 MP: 25/31
 13126 | D:10     | HP: 7/54 [Gastronok/the air (24)]
 13422 | D:10     | Noticed a two-headed ogre
 13699 | D:9      | Reached skill level 7 in Conjurations
 13840 | D:10     | Noticed Grum
 13845 | D:10     | Killed Grum
 13845 | D:10     | Offered knowledge of Stone Arrow by Vehumet.
 13846 | D:10     | Reached skill level 1 in Evocations
 13991 | D:10     | Killed Gastronok
 13992 | D:10     | Reached skill level 11 in Air Magic
 14606 | D:10     | Found a staircase to the Orcish Mines.
 14672 | D:10     | Reached *** piety under Vehumet
 14848 | D:10     | Reached skill level 15 in Spellcasting
 15117 | D:10     | Killed a two-headed ogre
 15377 | Lair:1   | Entered Level 1 of the Lair of Beasts
 15457 | D:8      | HP: 13/54 [/static electricity (5)]
 16100 | Lair:1   | HP: 6/54 [cane toad (15)]
 16101 | Lair:1   | HP: 1/54 [poisoned by a cane toad]
 16101 | Lair:1   | Slain by a yak

Vanquished Creatures
  Gastronok (D:10)
  A two-headed ogre (D:10)
  A manticore (D:10)
  Maggie (D:7)
  A troll (D:7)
  A shadow (D:10)
  2 wyverns (D:8)
  26 yaks
  Grum (D:10)
  2 steam dragons
  An acid dragon (D:7)
  5 water moccasins
  Duvessa (D:5)
  A sky beast (D:7)
  5 orc warriors
  A black bear (D:7)
  2 ice beasts
  5 centaurs
  3 ogres
  7 wolves
  2 phantoms
  Blork the orc (D:5)
  A kobold brigand (D:8)
  5 bullfrogs
  2 gnoll sergeants
  A wyvern zombie (D:7)
  A scorpion (D:4)
  Dowan (D:5)
  17 wights
  3 centaur zombies
  A bullfrog zombie (D:5)
  2 hounds
  4 jellies
  A gnoll shaman (D:7)
  2 orc priests
  7 orc wizards
  Ijyb (D:4)
  3 iguanas
  A hound zombie (D:5)
  8 adders
  14 gnolls
  2 river rats (Sewer)
  2 shadow imps (D:5)
  A worm (Sewer)
  6 dart slugs
  21 orcs
  13 ball pythons
  A bat (D:3)
  23 endoplasms
  8 giant cockroaches
  10 goblins
  8 hobgoblins
  6 jackals (D:2)
  4 quokkas
  6 frilled lizards
  19 kobolds
  2 rats
278 creatures vanquished.

Vanquished Creatures (others)
  2 bushes (D:8)
  3 fungi
  19 plants
24 creatures vanquished.

Grand Total: 302 creatures vanquished

Table legend:
 A = Non-vault XP
 B = Vault XP
 C = Vault XP percentage of total XP
 D = Non-vault monster count
 E = Vault monster count
 F = Vault count percentage of total count
                 A         B        C        D         E       F
            +---------+---------+-------+---------+---------+-------
      Total |   12711 |    5170 |  28.9 |     219 |      59 |  21.2
            +---------+---------+-------+---------+---------+-------
        D:1 |      60 |       0 |   0.0 |      27 |       0 |   0.0
        D:2 |      48 |       0 |   0.0 |      23 |       0 |   0.0
        D:3 |      25 |      14 |  35.9 |      13 |       1 |   7.1
        D:4 |     518 |      55 |   9.6 |      24 |       5 |  17.2
        D:5 |     738 |     311 |  29.6 |      15 |       3 |  16.7
        D:6 |     757 |      43 |   5.4 |      12 |       1 |   7.7
        D:7 |    1449 |     765 |  34.6 |      25 |       3 |  10.7
        D:8 |    2829 |    1956 |  40.9 |      30 |      12 |  28.6
        D:9 |    1840 |       0 |   0.0 |      20 |       0 |   0.0
       D:10 |    3222 |    1859 |  36.6 |      23 |       4 |  14.8
     Lair:1 |    1225 |       0 |   0.0 |       7 |       0 |   0.0
      Sewer |       0 |     167 | 100.0 |       0 |      30 | 100.0
            +---------+---------+-------+---------+---------+-------

Illustrated notes

Table legend:
 A = Kills in this place as a percentage of kills in entire the game.
 B = Kills by you in this place as a percentage of kills by you in the entire game.
 C = Kills by friends in this place as a percentage of kills by friends in the entire game.
 D = Other kills in this place as a percentage of other kills in the entire game.
 E = Experience gained in this place as a percentage of experience gained in the entire game.
 F = Experience gained in this place divided by the number of levels of this place that you have seen.
                   A       B       C       D       E      F
               +-------+-------+-------+-------+-------+----------------------
         Total | 100.0 | 100.0 |   N/A |   N/A | 100.0 | 1375.5
       Dungeon |  86.7 |  86.7 |   N/A |   N/A |  92.2 | 1648.9
          Lair |   2.5 |   2.5 |   N/A |   N/A |   6.9 | 1225.0
         Sewer |  10.8 |  10.8 |   N/A |   N/A |   0.9 | 167.0
               +-------+-------+-------+-------+-------+----------------------

Table legend: (Time is in decaauts)
 A = Elapsed time spent in this place.
 B = Non-inter-level travel time spent in this place.
 C = Inter-level travel time spent in this place.
 D = Time resting spent in this place.
 E = Time spent auto-exploring this place.
 F = Levels seen in this place.
 G = Mean time per level.
                   A        B        C        D        E       F      G
               +--------+--------+--------+--------+--------+-----+--------+
         Total |  16163 |  15561 |    602 |   4885 |   8519 |  13 | 1243.3 |
       Dungeon |  15165 |  14564 |    601 |   4644 |   8022 |  10 | 1516.5 |
        Temple |     86 |     86 |      0 |      0 |     49 |   1 |   86.0 |
          Lair |    186 |    186 |      0 |     61 |     41 |   1 |  186.0 |
         Sewer |    724 |    724 |      0 |    180 |    406 |   1 |  724.0 |
               +--------+--------+--------+--------+--------+-----+--------+

Top non-repeatable levels by time:
     D:9: 2678 daAuts
     D:8: 1941 daAuts
     D:5: 1609 daAuts
     D:4: 1556 daAuts
     D:6: 1503 daAuts
     D:7: 1496 daAuts
     D:1: 1289 daAuts
    D:10: 1265 daAuts
     D:2: 1150 daAuts
   Sewer: 724 daAuts
     D:3: 675 daAuts
  Lair:1: 186 daAuts
  Temple: 86 daAuts
